 Dungeon Crawl Stone Soup version 0.31-a0-1071-gaead2f62b1 (webtiles) character file.

Game seed: 9425606101073167613

25417 sammy202020 the Fighter (level 12, -2/113 HPs)
             Began as a Minotaur Fighter on Nov 25, 2023.
             Was an Initiate of Gozag.
             Slain by an ironbound preserver
             ... wielding a +3 great mace of protection
              (24 damage)
             ... on level 13 of the Dungeon.
             The game lasted 00:22:56 (13025 turns).

sammy202020 the Fighter (Minotaur Fighter)         Turns: 13025, Time: 00:22:57

Health: -2/113     AC: 22    Str: 21    XL:     12   Next: 89%
Magic:  11/11      EV: 11    Int: 19    God:    Gozag
Gold:   1082       SH: 17    Dex: 14    Spells: 11/11 levels left

rFire   + + .        E - +4 war axe (vamp)
rCold   x . .        y - +0 kite shield
rNeg    . . .        t - +3 chain mail of the Sea {Dex+3}
rPois   .            e - +2 hat of the Dungeon {rElec Int+2}
rElec   +            q - +0 cloak
rCorr   .            c - +0 pair of gloves
SInv    +            r - +0 pair of boots
Will    .....        h - amulet of reflection Stlth
                     K - ring "Soac" {rF++ rC- Int+8 SInv}
HPRegen 0.38/turn    w - ring of flight
MPRegen 0.12/turn

%: reflection
@: gold aura, flying, studying 2 skills
A: horns 2, retaliatory headbutt
a: Renounce Religion, Potion Petition, Call Merchant, Bribe Branch


You were on level 13 of the Dungeon.
You worshipped Gozag.
Gozag was most pleased with you.
You visited 2 branches of the dungeon, and saw 14 of its levels.
You also visited: Sewer.

You collected 3014 gold pieces.
You spent 410 gold pieces at shops.
You paid 1522 gold pieces to Gozag.

Inventory:

Hand Weapons
 d - a +5 morningstar of freezing
 E - a +4 vampiric war axe (weapon)
Missiles
 l - 4 javelins (quivered)
 x - 50 poisoned darts
 H - 2 boomerangs
Armour
 c - a +0 pair of gloves (worn)
 e - the +2 hat of the Dungeon (worn) {rElec Int+2}
   (You acquired it on level 2 of the Dungeon)

   Int+2:     It affects your intelligence (+2).
   rElec:     It insulates you from electricity.
 q - a +0 cloak (worn)
 r - a +0 pair of boots (worn)
 t - the +3 chain mail of the Sea (worn) {Dex+3}
   (You bought it in a shop on level 5 of the Dungeon)

   Dex+3:     It affects your dexterity (+3).
 y - a +0 kite shield (worn)
Jewellery
 h - an amulet of reflection (around neck)
 i - a ring of fire
 m - a +6 ring of dexterity
 w - a ring of flight (right hand)
 K - the ring "Soac" (left hand) {rF++ rC- Int+8 SInv}
   (You found it on level 11 of the Dungeon)

   [ring of see invisible]

   Int+8:     It affects your intelligence (+8).
   rF++:      It greatly protects you from fire.
   rC-:       It makes you vulnerable to cold.
   SInv:      It lets you see invisible.
 N - a ring of ice
Wands
 a - a wand of iceblast (14)
 b - a wand of quicksilver (20)
 s - a wand of polymorph (10)
 A - a wand of flame (18)
Scrolls
 f - 2 scrolls of silence
 j - 3 scrolls of blinking
 k - 3 scrolls of noise
 n - 5 scrolls of teleportation
 p - 3 scrolls of vulnerability
 z - a scroll of fear
 C - 7 scrolls of identify
 L - a scroll of summoning
 M - a scroll of enchant weapon
Potions
 g - 3 potions of lignification
 o - 3 potions of heal wounds
 u - a potion of resistance
 v - 8 potions of curing
 B - 4 potions of enlightenment
 D - 2 potions of brilliance
 F - a potion of attraction
 G - a potion of cancellation
 I - a potion of berserk rage
Miscellaneous
 J - a lightning rod (4/4)


   Skills:
 * Level 12.9 Fighting
 * Level 12.6 Axes
 * Level 12.9 Armour
 + Level 8.4 Dodging
 * Level 12.8 Shields


You had 11 spell levels left.
You didn't know any spells.
Your spell library contained the following spells:

 Spells                   Type           Power      Damage    Failure   Level
 Kiss of Death            Conj/Necr      0%         2d5       83%         1
 Sandblast                Erth           0%         2d4       83%         1
 Ensorcelled Hibernation  Hex/Ice        0%         N/A       93%         2
 Lesser Beckoning         Tloc           0%         N/A       93%         2
 Passwall                 Tmut/Erth      0%         N/A       93%         2
 Confusing Touch          Hex            0%         N/A       99%         3
 Dazzling Flash           Conj/Hex       0%         N/A       99%         3
 Gell's Gravitas          Tloc           0%         N/A       99%         3
 Inner Flame              Hex/Fire       0%         N/A       99%         3
 Stone Arrow              Conj/Erth      0%         3d7       99%         3
 Swiftness                Air            0%         N/A       99%         3
 Teleport Other           Tloc           0%         N/A       99%         3
 Volatile Blastmotes      Fire/Tloc      0%         2d10      99%         3
 Brom's Barrelling Bould  Conj/Erth      0%         2d3       100%        4
 Dispel Undead            Necr           0%         3d6       100%        4
 Summon Ice Beast         Ice/Summ       0%         N/A       100%        4
 Starburst                Conj/Fire      0%         6d3       100%        6
 Haunt                    Necr/Summ      0%         N/A       100%        7
 Borgnjor's Revivificati  Necr           0%         N/A       100%        8
 Maxwell's Capacitive Co  Air            0%         ∞         100%        8
 Death's Door             Necr           0%         N/A       100%        9
 Fire Storm               Conj/Fire      0%         5d1       100%        9


Dungeon Overview and Level Annotations

Branches:
Dungeon (13/15)            Temple (1/1) D:4            Lair (0/5) D:10
    Orc (0/2) D:11         Vaults (0/5) D:13          Sewer (visited)

Altars:
Ashenzari
Cheibriados
Dithmenos
Elyvilon
Fedhas
Gozag
Hepliaklqana
Kikubaaqudgha
Makhleb
Nemelex Xobeh
Okawaru
Qazlal
Ru
Sif Muna
Trog
Uskayaw
Vehumet
Wu Jian
Xom
Yredelemnul
Zin
The Shining One

Shops:
D:5 *   D:10 :=!   D:13 (


Innate Abilities, Weirdness & Mutations

You have a pair of horns on your head.
You reflexively headbutt those who attack you in melee.


Message History

You hit the ironbound preserver.
You feel better.
You headbutt the ironbound preserver, but do no damage.
The ironbound preserver is lightly wounded.
You closely miss the vampire. You slash the manticore! You hit the manticore.
You feel better. You block the manticore's attack. x2
The manticore claws you but does no damage.
The manticore closely misses you. You block the manticore's attack.
The manticore closely misses you.
The ironbound preserver hits you with a +3 great mace of protection!!
The vampire hits you.
The vampire bites you but does no damage.
You hit the ironbound preserver.
The ironbound preserver is lightly wounded.
You hit the manticore.
You feel better.
You slash the vampire! You slash the manticore!
You hit the ironbound preserver. You headbutt the ironbound preserver.
The ironbound preserver is lightly wounded.
You closely miss the vampire.
You hit the manticore. x2; You feel better.
The manticore completely misses you. You block the manticore's attack. x2
The manticore bites you.
The manticore claws you but does no damage.
You block the manticore's attack. The vampire draws life force from you!
The vampire is healed by the life force!
The ironbound preserver hits you with a +3 great mace of protection!
You barely miss the ironbound preserver.
You headbutt the ironbound preserver!
The ironbound preserver is lightly wounded.
You hit the vampire. You closely miss the manticore.
You barely miss the manticore.
You carefully extract the barbed spikes from your body.
The manticore bites you!
* * * LOW HITPOINT WARNING * * *
You block the manticore's attack. x3; The manticore claws you.
* * * LOW HITPOINT WARNING * * *
The manticore claws you.
* * * LOW HITPOINT WARNING * * *
The vampire completely misses you. The vampire closely misses you.
The ironbound preserver hits you with a +3 great mace of protection!!
You die...
Your body crumbles into a pile of gold.

.......#######..#######
...#####$... #..#.....#
...# .....#..#.....#
...# .....#..#.....#
...# .....'..'.....#
...# .....'..'.....#
#### ######..#######.
................
.......V@H......
######.H#p'######
..'..#.....
....'..#.....#
....#..#.....#
....#..#.....# ....#..
....∩# ## ##.. ######


You could see an ironbound preserver, 2 manticores and a vampire.

Vanquished Creatures
  A fire giant (D:11)
  Snorg (D:11)
  A fire dragon (D:11)
  A centaur warrior (D:13)
  A two-headed ogre (D:8)
  A boulder beetle (D:11)
  2 death knights (D:11)
  Erica (D:8)
  The ghost of dialectric the Basher, a novice DsBe of Trog (D:9)
  Pikel (D:4)
  2 ugly things (D:11)
  2 cyclopes
  4 manticores
  Maurice (D:7)
  An elephant (D:10)
  Psyche (D:12)
  An unseen horror (D:11)
  Jeremiah (D:7)
  4 kobold demonologists
  A tengu conjurer (D:11)
  4 trolls
  2 hornets
  6 slime creatures (D:12)
  Sigmund (D:3)
  2 shadows
  3 vampires
  8 yaks
  A wraith (D:12)
  2 wyverns
  Grum (D:10)
  A basilisk (D:13)
  5 hogs (D:12)
  3 steam dragons
  2 vampire mosquitoes (D:12)
  Menkaure (D:6)
  Edmund (D:6)
  2 acid dragons (D:9)
  2 water moccasins
  3 black bears
  10 orc warriors
  2 sky beasts
  3 ice beasts
  A phantom (D:7)
  4 centaurs
  2 wolves (D:10)
  A lemure (D:4)
  6 bullfrogs
  14 kobold brigands
  2 scorpions (D:5)
  9 wights
  6 killer bees (D:8)
  6 howler monkeys
  A hound (D:6)
  3 jellies
  A gnoll bouda (D:7)
  9 orc priests
  Crazy Yiuf (D:7)
  Jessica (D:3)
  2 iguanas
  A sleepcap (D:4)
  Natasha (thrice) (D:4)
  8 orc wizards
  5 adders
  A shadow imp (D:7)
  A white imp (D:8)
  3 ufetubi
  2 worms (D:2)
  4 dart slugs
  57 orcs
  7 endoplasms
  4 giant cockroaches
  3 goblins
  8 hobgoblins
  2 jackals (Sewer)
  7 quokkas
  9 ball pythons
  2 bats
  3 frilled lizards (D:3)
  29 kobolds
  5 rats (D:1)
327 creatures vanquished.

Vanquished Creatures (others)
  Kirke (D:12)
  2 kobold brigands (D:9)
3 creatures vanquished.

Grand Total: 330 creatures vanquished

Notes
Turn   | Place    | Note
-------+----------+-------------------------------------------
     0 | D:1      | sammy202020 the Minotaur Fighter began the quest for the
                  | Orb.
     0 | D:1      | Reached XP level 1. HP: 19/19 MP: 0/0
    69 | D:1      | Found a faded altar of an unknown god.
   126 | D:1      | Reached XP level 2. HP: 27/27 MP: 1/1
   842 | D:2      | Reached XP level 3. HP: 31/33 MP: 2/2
  1017 | D:2      | Reached skill level 1 in Dodging
  1140 | D:2      | Identified a scroll of acquirement
  1141 | D:2      | Acquired the +2 hat of the Dungeon {rElec Int+2}
  1842 | D:3      | Found a shimmering blue altar of Sif Muna.
  1922 | D:3      | Noticed Jessica
  1931 | D:3      | Killed Jessica
  1932 | D:3      | Reached XP level 4. HP: 40/40 MP: 3/3
  2009 | D:3      | Noticed Sigmund
  2034 | D:3      | Killed Sigmund
  2035 | D:3      | Reached XP level 5. HP: 30/47 MP: 4/4
  2191 | D:3      | Reached skill level 5 in Shields
  2674 | D:4      | Reached skill level 5 in Fighting
  2674 | D:4      | Reached skill level 5 in Armour
  2674 | D:4      | Reached XP level 6. HP: 49/56 MP: 5/5
  2954 | D:4      | Noticed Pikel
  2975 | D:4      | Killed Pikel
  2976 | D:4      | Reached skill level 5 in Axes
  2976 | D:4      | Reached XP level 7. HP: 43/62 MP: 6/6
  3077 | D:4      | Found a staircase to the Ecumenical Temple.
  3086 | Temple   | Entered the Ecumenical Temple
  3108 | Temple   | Became a worshipper of Gozag Ym Sagoz the Greedy
  3207 | D:4      | Noticed Natasha
  3213 | D:4      | Killed Natasha
  3327 | D:4      | Noticed Natasha
  3335 | D:4      | Killed Natasha
  3378 | D:4      | Noticed Natasha
  3388 | D:4      | Killed Natasha
  3635 | D:5      | Entered Level 5 of the Dungeon
  3639 | D:5      | Found a glowing silver altar of Zin.
  3683 | D:5      | Found Ymopt's Assorted Antiques.
  3697 | D:5      | Bought a warped chain mail for 275 gold pieces
  3697 | D:5      | Identified the +3 chain mail of the Sea {Dex+3} (You bought
                  | it in a shop on level 5 of the Dungeon)
  3728 | D:5      | Reached XP level 8. HP: 70/70 MP: 7/7
  3963 | D:5      | Found a glowing drain.
  3975 | Sewer    | Entered a sewer
  4194 | D:5      | Found a white marble altar of Elyvilon.
  4238 | D:5      | Found a sparkling altar of Nemelex Xobeh.
  4435 | D:5      | Found a stormy altar of Qazlal.
  4954 | D:6      | Noticed Menkaure
  4965 | D:6      | Killed Menkaure
  5220 | D:6      | Noticed Edmund
  5243 | D:6      | Killed Edmund
  5356 | D:6      | Reached XP level 9. HP: 79/79 MP: 8/8
  5481 | D:6      | Found a burning altar of Makhleb.
  5956 | D:7      | Noticed Maurice
  5985 | D:7      | Something stole a +3 flail of protection
  5985 | D:7      | HP: 3/81 [orc warrior/+0 glaive (11)]
  5998 | D:7      | Something stole 4 javelins
  6014 | D:7      | Killed Maurice
  6015 | D:7      | Reached skill level 5 in Dodging
  6137 | D:7      | Noticed Jeremiah
  6209 | D:7      | Killed Jeremiah
  6362 | D:7      | Found a blossoming altar of Fedhas.
  6503 | D:7      | Found an ornate altar of the Wu Jian Council.
  6525 | D:7      | Reached XP level 10. HP: 90/90 MP: 9/9
  6551 | D:7      | Found a glowing golden altar of the Shining One.
  6668 | D:7      | Found a runed translucent door.
  6669 | D:7      | Noticed Crazy Yiuf
  6674 | D:7      | Killed Crazy Yiuf
  6765 | D:8      | Noticed Erica
  6788 | D:8      | Killed Erica
  7175 | D:8      | Noticed a two-headed ogre
  7206 | D:8      | Killed a two-headed ogre
  7207 | D:8      | Reached skill level 10 in Fighting
  7207 | D:8      | Reached skill level 10 in Armour
  7207 | D:8      | Reached skill level 10 in Shields
  7723 | D:9      | Found a runed translucent gate.
  7723 | D:9      | Found a runed translucent gate.
  7723 | D:9      | Noticed dialectric's ghost (novice DsBe)
  7724 | D:9      | Found a runed translucent gate.
  7937 | D:9      | Got the Folio of Blazing Firn
  8242 | D:9      | Reached XP level 11. HP: 100/100 MP: 10/10
  8472 | D:9      | Killed dialectric's ghost
  8473 | D:9      | Reached skill level 10 in Axes
  8715 | D:10     | Entered Level 10 of the Dungeon
  8887 | D:10     | Noticed Grum
  8889 | D:10     | Found a staircase to the Lair.
  8901 | D:10     | Killed Grum
  9146 | D:10     | Found a basalt altar of Yredelemnul.
  9429 | D:10     | Found Patevvij's Tiny Tomes.
  9561 | D:10     | Bought a potion of curing for 45 gold pieces
  9561 | D:10     | Bought a potion of curing for 45 gold pieces
  9561 | D:10     | Bought a potion of curing for 45 gold pieces
  9697 | D:11     | Noticed Snorg
  9710 | D:11     | Killed Snorg
 10070 | D:11     | Found a staircase to the Orcish Mines.
 10311 | D:11     | Noticed a boulder beetle
 10325 | D:11     | Killed a boulder beetle
 10408 | D:11     | Noticed a purple ugly thing
 10415 | D:11     | Killed a purple ugly thing
 10454 | D:11     | Noticed a death knight
 10468 | D:11     | Killed a death knight
 10469 | D:11     | Reached XP level 12. HP: 21/111 MP: 11/11
 10718 | D:11     | Noticed a fire dragon
 10722 | D:11     | Noticed a fire giant
 10723 | D:11     | Killed a fire dragon
 10733 | D:11     | HP: 3/112 [fire giant/+2 great sword of flaming (12)]
 10735 | D:11     | Killed a fire giant
 11077 | D:11     | Noticed a death knight
 11091 | D:11     | Killed a death knight
 11578 | D:11     | Identified the ring "Soac" {rF++ rC- Int+8 SInv}
 11618 | D:12     | Noticed Psyche
 11624 | D:12     | Killed Psyche
 11867 | D:12     | Noticed Kirke
 11883 | D:12     | Killed Kirke
 12747 | D:13     | Found Kyatz's Weapon Shop.
 12749 | D:13     | Noticed a centaur warrior
 12753 | D:13     | Killed a centaur warrior
 13012 | D:13     | Noticed an ironbound preserver
 13013 | D:13     | Found a gate to the Vaults.
 13025 | D:13     | Slain by an ironbound preserver

Illustrated notes

Levels and vault maps discovered:
D:1:      psy_arrival_fountain, layout_basic, hellmonk_ecumenical_altar_lost_god
D:2:      layout_basic, dreamdust_wishing_well
D:3:      layout_loops_corners, hellmonk_sif_muna_bookshelves, uniq_sigmund,
          uniq_jessica
D:4:      layout_loops_ring, minmay_temple_entry_arrows, uniq_pikel,
          uniq_natasha
D:5:      layout_basic, grunt_temple_overflow_open,
          mainiacjoe_overflow_chevrons, amcnicky_altar_gilded,
          portal_sewer_entry_f, serial_shops, nicolae_square_shop,
          nicolae_figureground_sparkle
D:6:      layout_basic, marbit_many_paths, uniq_edmund, uniq_menkaure
D:7:      layout_rooms, mainiacjoe_overflow_cross_hatched, fedhas_altar_1,
          mainiacjoe_overflow_alcove_4, serial_glass, glass_columns_c,
          glass_columns_a, glass_columns_c, glass_columns_b, glass_columns_a,
          due_unseen_surprise, minmay_diced_spiral, uniq_crazy_yiuf_cottage,
          uniq_maurice, uniq_jeremiah
D:8:      layout_rooms, serial_park_tiny_2, uniq_erica
D:9:      layout_roguey, gammafunk_ghost_nasty_kobolds,
          kennysheep_generic_room_15
D:10:     layout_loops_ring, yredelemnul_altar_generic, david_lair_generic,
          nicolae_shop_i_like_small_books_too, uniq_grum
D:11:     minmay_weird_star, layout_basic, minmay_orc_entry_temple_small,
          special_room [special_room_orc], gauntlet_entry_generic,
          minmay_evil_grid, uniq_snorg
D:12:     layout_layer_cave, uniq_kirke, uniq_psyche
D:13:     layout_grid_maze, skrybe_vaults_entry_preservation, serial_shops, shop
Temple:   nicolae_temple_x_marks_the_god

Skill      XL: |  1  2  3  4  5  6  7  8  9 10 11 12 |
---------------+-------------------------------------+-----
Armour         | 4 5 6 7 8 10 11 12 | 12.9
Fighting       | 4 5 6 7 8 10 11 12 | 12.9
Shields        | 4 5 6 7 8 10 11 12 | 12.8
Axes           | 3 4 5 7 8 9 11 12 | 12.6
Dodging        | 1 2 3 4 5 6 7 8 |  8.4

Action                     |  1- 3 |  4- 6 |  7- 9 | 10-12 || total
---------------------------+-------+-------+-------+-------++-------
  Melee: War axe           |    82 |    54 |   275 |   552 ||   963
         Headbutt          |     9 |     6 |    52 |   117 ||   184
  Throw: Javelin           |       |       |     4 |       ||     4
 Invoke: Call Merchant     |       |       |       |     2 ||     2
         Potion Petition   |       |       |       |     1 ||     1
  Evoke: Wand              |       |       |     2 |     1 ||     3
    Use: Scroll            |    10 |     2 |     4 |    10 ||    26
         Potion            |       |       |     5 |     5 ||    10
   Stab: Distracted        |       |       |       |     5 ||     5
 Armour: Scale mail        |    39 |    36 |    27 |       ||   102
         Chain mail        |       |       |   133 |   310 ||   443
  Dodge: Dodged            |    23 |    12 |    61 |   158 ||   254
  Block: Buckler           |    35 |    20 |    73 |       ||   128
         Reflection        |     2 |     1 |    10 |    19 ||    32
         Kite shield       |       |       |   117 |   544 ||   661
         Other             |       |       |     5 |       ||     5

Table legend: (Time is in decaauts)
 A = Elapsed time spent in this place.
 B = Non-inter-level travel time spent in this place.
 C = Inter-level travel time spent in this place.
 D = Time resting spent in this place.
 E = Time spent auto-exploring this place.
 F = Levels seen in this place.
 G = Mean time per level.
                   A        B        C        D        E       F      G
               +--------+--------+--------+--------+--------+-----+--------+
         Total |  13156 |  12836 |    320 |    724 |   9472 |  15 |  877.1 |
       Dungeon |  12941 |  12621 |    320 |    724 |   9337 |  13 |  995.5 |
        Temple |     32 |     32 |      0 |      0 |      0 |   1 |   32.0 |
         Sewer |    182 |    182 |      0 |      0 |    135 |   1 |  182.0 |
               +--------+--------+--------+--------+--------+-----+--------+

Top non-repeatable levels by time:
    D:11: 2024 daAuts
     D:6: 1064 daAuts
     D:9: 1025 daAuts
    D:12: 1018 daAuts
     D:5: 1006 daAuts
     D:4: 961 daAuts
     D:8: 958 daAuts
     D:3: 944 daAuts
     D:7: 914 daAuts
     D:2: 901 daAuts
    D:10: 887 daAuts
     D:1: 851 daAuts
    D:13: 384 daAuts
   Sewer: 182 daAuts
  Temple: 32 daAuts
